 Dungeon Sprint DCSS version 0.28-a0-938-gbc3f381ebc (webtiles) character file.

Game seed: 7973760470014850994

600 mhtbhm the Fighter (level 7, -3/53 HPs)
             Began as a Gargoyle Berserker on Nov 28, 2021.
             Was a Believer of Trog.
             Slain by Sonja (7 damage)
             ... in the Dungeon (Sprint I: "Red Sonja").
             The game lasted 00:01:03 (527 turns).

mhtbhm the Fighter (Gargoyle Berserker)              Turns: 527, Time: 00:01:03

Health: -3/53      AC:  7    Str: 22    XL:     7   Next: 41%
Magic:  7/7        EV: 13    Int:  8    God:    Trog [**....]
Gold:   383        SH:  0    Dex:  9    Spells: 6/6 levels left

rFire   . . .      SeeInvis .   a - +0 mace
rCold   . . .      Faith    .   (no shield)
rNeg    + . .      Spirit   .   b - +0 animal skin
rPois   ∞          Reflect  .   (no helmet)
rElec   +          Harm     .   (no cloak)
rCorr   .          Rampage  .   (no gloves)
Will    .....      NoTele   +   (no boots)
Stlth   ++........              (no amulet)
HPRegen 0.17/turn               (no ring)
MPRegen 0.10/turn               (no ring)

@: on berserk cooldown, slowed, very slow
A: sickness immunity, AC +4, negative energy resistance 1, electricity
resistance, torment resistance 1, petrification resistance
a: Renounce Religion, Berserk, Trog's Hand


You were in the Dungeon.
You worshipped Trog.
Trog was pleased with you.
You visited 1 branch You collected 405 gold pieces.
You spent 22 gold pieces at shops.

Inventory:

Hand Weapons
 a - a +0 mace (weapon)
Armour
 b - a +0 animal skin (worn)
Scrolls
 h - a scroll of blinking
Potions
 f - 2 potions of magic
 g - a potion of berserk rage


   Skills:
 + Level 10.8 Fighting
 + Level 10.4 Maces & Flails
 + Level 5.4 Armour
 + Level 4.8 Dodging
 + Level 2.0 Stealth


You had 6 spell levels left.
You didn't know any spells.
Your spell library was empty.

Dungeon Overview and Level Annotations

Branches:
Dungeon (1/1)

Altars:
Cheibriados
Dithmenos
Elyvilon
Fedhas
Gozag
Hepliaklqana
Kikubaaqudgha
Makhleb
Nemelex Xobeh
Okawaru
Qazlal
Ru
Sif Muna
Trog
Uskayaw
Vehumet
Wu Jian
Xom
Yredelemnul
Zin
The Shining One
Jiyva
Lugonu

Shops:
D ?

Annotations:
D Sonja


Innate Abilities, Weirdness & Mutations

You are immune to sickness and miasma.
Your stone body is resilient. (AC +4)
You are immune to poison.
You resist negative energy. (rN+)
You are resistant to electric shocks. (rElec)
You are resistant to unholy torment.
You are immune to petrification.


Message History

You closely miss Sonja.
Sonja is severely wounded.
You are no longer berserk.
You are exhausted.
You feel yourself slow down.
Sonja hits you with a +2 short sword of venom. x2
Sonja closely misses you.
You hit Sonja but do no damage.
Sonja is severely wounded.
Sonja hits you with a +2 short sword of venom.
Sonja misses you.
Sonja hits you with a +2 short sword of venom.
Unknown command.
Press < or > to pray at altars.
Press: ? - help, v - describe, . - travel
Here: Sonja, wielding a +2 short sword of venom and quivering curare-tipped darts (severely wounded)
An open door.
Unknown command.
Press < or > to pray at altars.
You feel much better.
Sonja hits you with a +2 short sword of venom.
Sonja barely misses you. Sonja misses you. Sonja hits you but does no damage.
Sonja misses you. Sonja barely misses you. Sonja closely misses you.
Sonja hits you with a +2 short sword of venom. x2
You miss Sonja.
Sonja is severely wounded.
Sonja misses you.
Sonja hits you with a +2 short sword of venom. x2
You closely miss Sonja.
Sonja is severely wounded.
Sonja hits you with a +2 short sword of venom.
Sonja hits you with a +2 short sword of venom!
* * * LOW HITPOINT WARNING * * *
Sonja hits you with a +2 short sword of venom.
* * * LOW HITPOINT WARNING * * *
Sonja hits you with a +2 short sword of venom!
* * * LOW HITPOINT WARNING * * *
Sonja barely misses you.
Sonja hits you with a +2 short sword of venom!
You die...

######################******
#<.#..)..#.)'..#__#..+,,,*,,
#..').#..'..#..'..'..#,,,**+
#..#####'#####'#__####,,,+,,
#..####..#...#.####,,*****,,
#..#__####..##[#≈≈≈,,*,,**+*
#..#_____##'#_.+≈≈≈,,+,,*,,,
#⌠⌠#_.∩...'..._#≈≈≈,,*,,*,,,
####_..__##@.#'#*+*****+***,
*,,#_____###K#)#,,,,***,+,*,
***#######*#.###*+***,***,*,
*∩,,,,,,,,+$.$+,,,,,+,∩**,*,
***++++***#$.$#**********,**
*,,,,,,,**##.##*,,,,,,,**,**
*,,,,,,,,*,#+#,*,,,,,,,,+,**
*,,*,,,,,*,,,,,*+++******,*,
*,,,,,,,,*,,,,,*,,,,,,,,*,**


You could see Sonja.

Vanquished Creatures
  A slime creature (D)
  A yak (D)
  Sigmund (D)
  An ogre (D)
  A jelly (D)
  Ijyb (D)
6 creatures vanquished.

Notes
Turn   | Place    | Note
-------+----------+-------------------------------------------
     0 | D        | mhtbhm the Gargoyle Berserker began the quest for the Orb.
     0 | D        | Reached XP level 1. HP: 14/14 MP: 1/1
     2 | D        | Noticed Ijyb
     6 | D        | Killed Ijyb
     7 | D        | Reached skill level 5 in Fighting
     7 | D        | Reached XP level 2. HP: 21/21 MP: 2/2
     7 | D        | Reached XP level 3. HP: 26/26 MP: 3/3
    42 | D        | Noticed an ogre
    49 | D        | Killed an ogre
    50 | D        | Reached XP level 4. HP: 34/34 MP: 4/4
    98 | D        | Noticed Sigmund
   123 | D        | Killed Sigmund
   123 | D        | Reached ** piety under Trog
   124 | D        | Reached XP level 5. HP: 14/40 MP: 5/5
   124 | D        | Reached XP level 6. HP: 16/45 MP: 6/6
   317 | D        | Found an ornate altar of the Wu Jian Council.
   317 | D        | Found a shimmering blue altar of Sif Muna.
   319 | D        | Found a radiant altar of Vehumet.
   324 | D        | Reached skill level 1 in Stealth
   337 | D        | Found a burning altar of Makhleb.
   337 | D        | Found a viscous altar of Jiyva.
   337 | D        | Found a shimmering altar of Xom.
   337 | D        | Found a corrupted altar of Lugonu.
   337 | D        | Noticed a slime creature
   345 | D        | Killed a slime creature
   346 | D        | Reached skill level 10 in Fighting
   346 | D        | Reached skill level 5 in Armour
   346 | D        | Reached XP level 7. HP: 52/52 MP: 7/7
   397 | D        | Found Deulah's Magic Scroll Emporium.
   397 | D        | Found an ancient bone altar of Kikubaaqudgha.
   397 | D        | Found a hazy altar of Hepliaklqana.
   397 | D        | Found a stormy altar of Qazlal.
   397 | D        | Found a hide-covered altar of Uskayaw.
   397 | D        | Found a blossoming altar of Fedhas.
   397 | D        | Found a bloodstained altar of Trog.
   397 | D        | Found an iron altar of Okawaru.
   397 | D        | Found a basalt altar of Yredelemnul.
   397 | D        | Found a glowing golden altar of the Shining One.
   397 | D        | Found a snail-covered altar of Cheibriados.
   397 | D        | Found a sacrificial altar of Ru.
   397 | D        | Found a glowing silver altar of Zin.
   397 | D        | Found a shadowy altar of Dithmenos.
   397 | D        | Found a white marble altar of Elyvilon.
   397 | D        | Noticed a yak
   406 | D        | Killed a yak
   407 | D        | Reached skill level 10 in Maces & Flails
   407 | D        | Found an opulent altar of Gozag.
   408 | D        | Found a sparkling altar of Nemelex Xobeh.
   412 | D        | Bought a scroll of identify for 22 gold pieces
   509 | D        | Noticed Sonja
   527 | D        | Slain by Sonja

Illustrated notes

Levels and vault maps discovered:
D:        dungeon_sprint_1 [red_sonja_temple_1, red_sonja_temple_small_1]

Skill      XL: |  1  2  3  4  5  6  7 |
---------------+----------------------+-----
Fighting       | 5 7 8 10 | 10.8
Maces & Flails | 4 6 8 9 10 | 10.4
Armour         | 3 4 5 |  5.4
Dodging        | 2 3 4 |  4.8
Stealth        | 1 2 |  2.0

Action                   |  1- 3 |  4- 6 |  7- 9 || total
-------------------------+-------+-------+-------++-------
Melee: Mace              |     8 |    26 |    23 ||    57
Invok: Berserk           |     2 |     2 |     1 ||     5
  Use: Potion            |       |     2 |     1 ||     3
       Scroll            |       |       |     2 ||     2
Armor: Animal skin       |       |     4 |     5 ||     9
Dodge: Dodged            |     3 |     9 |    26 ||    38

Table legend: (Time is in decaauts)
 A = Elapsed time spent in this place.
 B = Non-inter-level travel time spent in this place.
 C = Inter-level travel time spent in this place.
 D = Time resting spent in this place.
 E = Time spent auto-exploring this place.
 F = Levels seen in this place.
 G = Mean time per level.
                   A        B        C        D        E       F      G
               +--------+--------+--------+--------+--------+-----+--------+
         Total |    551 |    551 |      0 |    352 |      0 |   1 |  551.0 |
       Dungeon |    551 |    551 |      0 |    352 |      0 |   1 |  551.0 |
               +--------+--------+--------+--------+--------+-----+--------+

Top non-repeatable levels by time:
       D: 551 daAuts
